 Dungeon Crawl Stone Soup version 0.29.1 (webtiles) character file.

Game seed: 1004689016383285601

2 sankara the Ruffian (level 1, -1/16 HPs)
             Began as a Minotaur Transmuter on Sept 12, 2022.
             Slain by a kobold
             ... wielding a +1 whip of electrocution
              (3 damage)
             ... on level 1 of the Dungeon.
             The game lasted 00:00:43 (292 turns).

sankara the Ruffian (Minotaur Transmuter)            Turns: 292, Time: 00:00:44

Health: -1/16      AC:  2    Str: 14    XL:     1   Next: 33%
Magic:  0/1        EV: 12    Int: 10    God:
Gold:   0          SH:  0    Dex: 10    Spells: 1/2 levels left

rFire   . . .      SeeInvis .     - Unarmed
rCold   . . .      Faith    .   (no shield)
rNeg    . . .      Spirit   .   a - +0 robe
rPois   .          Reflect  .   (helmet currently unavailable)
rElec   .          Harm     .   (no cloak)
rCorr   .          Rampage  .   (no gloves)
Will    .....                   (boots currently unavailable)
Stlth   +.........              (no amulet)
HPRegen 0.05/turn               (no ring)
MPRegen 0.07/turn               (no ring)

@: appendages
A: talons 2, horns 2, retaliatory headbutt
a: End Transformation


You were on level 1 of the Dungeon.
You had temporarily grown beastly talons.
You visited 1 branch of the dungeon, and saw 1 of its levels.

Inventory:

Missiles
 d - 2 stones
Armour
 a - a +0 robe (worn)
Potions
 b - a potion of lignification
 c - 2 potions of berserk rage {unknown}


   Skills:
 + Level 1.3 Fighting
 + Level 2.2 Dodging
 + Level 3.3 Unarmed Combat
 + Level 1.4 Spellcasting
 + Level 1.6 Transmutations


You had one spell level left.
You knew the following spells:

 Your Spells              Type           Power      Damage    Failure   Level
a - Beastly Appendage     Tmut           6%         N/A       17%         1

Your spell library contained the following spells:

 Spells                   Type           Power      Damage    Failure   Level
 Wereblood                Tmut           3%         N/A       26%         2
 Spider Form              Tmut/Pois      2%         N/A       58%         3
 Tukima's Dance           Hex            0%         N/A       69%         3
 Ice Form                 Ice/Tmut       2%         N/A       94%         4
 Passage of Golubria      Tloc           0%         N/A       97%         4
 Yara's Violent Unravell  Hex/Tmut       1%         3d3       100%        5


Dungeon Overview and Level Annotations

Branches:
Dungeon (1/15)

Altars:


Innate Abilities, Weirdness & Mutations

You have temporarily grown beastly talons.
You have a pair of horns on your head.
You reflexively headbutt those who attack you in melee.


Message History

Found 2 stones.
Found a leather armour.
You pick up Great Wizards, Vol.
VII and begin reading...
You add the spells Tukima's Dance, Passage of Golubria and Yara's Violent Unravelling to your library.
d - 2 stones You see here a +0 leather armour.
A quokka comes into view.
A quokka is nearby!
The quokka closely misses you. You furiously retaliate!
You headbutt the quokka!
You kill the quokka!
No target in view!
No target in view!
You see here a quokka corpse.
Found a stone staircase leading down.
A quokka comes into view.
A quokka is nearby!
The quokka barely misses you. You furiously retaliate!
You headbutt the quokka!
You kill the quokka!
No target in view!
No target in view!
You see here a quokka corpse.
You enter the shallow water.
Moving in this stuff is going to be slow.
A kobold comes into view.
It is wielding a +1 whip of electrocution.
A ball python and a frilled lizard come into view.
The ball python hisses angrily.
The kobold hits you with a +1 whip of electrocution.
You are electrocuted!
Ouch! That really hurt!
* * * LOW HITPOINT WARNING * * *
You are too injured to fight recklessly!
You are too injured to fight recklessly!
Unknown command.
Casting: Beastly Appendage (safe; 17% risk of failure)
Confirm with . or Enter, or press ? or * to list all spells.
Your feet morph into talons.
The frilled lizard hisses angrily.
The kobold hits you with a +1 whip of electrocution.
You die...

##. ... .... ..... .
####+#....l .
#.......... #.
#..........
.##.######..@K..S...
...............##..#
#............#... ##
###.........≈~~~~ ≈
##..#####+≈#≈≈≈ ≈#
#..#####.~#≈###≈#
#.....##.≈#≈≈≈≈≈#~.#
#........≈≈~~~≈≈≈~#
##########.###...######


You could see a ball python, a kobold and a frilled lizard.

Vanquished Creatures
  2 quokkas (D:1)
2 creatures vanquished.

Notes
Turn   | Place    | Note
-------+----------+-------------------------------------------
     0 | D:1      | sankara the Minotaur Transmuter began the quest for the
                  | Orb.
     0 | D:1      | Reached XP level 1. HP: 16/16 MP: 1/1
   292 | D:1      | Slain by a kobold

Illustrated notes

Levels and vault maps discovered:
D:1:      lightli_arrival_noodles, layout_basic, basic_ecumenical_altar,
          minmay_crystal_water, minmay_misc_feat_four_crosses

Action                   || total
-------------------------++-------
 Cast: Beastly Appendage ||     1
Dodge: Dodged            ||     2
